 Dungeon Crawl Stone Soup version 0.22-a0-422-g9628fc8 (webtiles) character file.

30517 iamserjio the Zephyrmancer (level 13, -2/96 HPs)
             Began as a Green Draconian Air Elementalist on May 22, 2018.
             Was an Initiate of Gozag.
             Slain by a komodo dragon (13 damage)
             ... on level 6 of the Lair of Beasts.
             The game lasted 01:08:51 (19752 turns).

iamserjio the Zephyrmancer (DrAE)                  Turns: 19752, Time: 01:08:51

Health: -2/96      AC: 20    Str: 11    XL:     13   Next: 21%
Magic:  0/46       EV: 17    Int: 23    God:    Gozag
Gold:   2423       SH:  5    Dex: 12    Spells: 11/34 levels left

rFire    . . .     SeeInvis .   P - +7 scimitar of Ihan {protect, Fragile +Rage rElec Int+3}
rCold    . . .     Gourm    .   i - +0 buckler
rNeg     . . .     Faith    .   (armour unavailable)
rPois    +         Spirit   +   (helmet restricted)
rElec    +         Reflect  .   B - +0 cloak
rCorr    .         Harm     .   t - +2 pair of gloves
MR       .....                  G - +0 pair of boots
Stlth    ++........             K - amulet of guardian spirit
HPRegen  0.26/turn              N - ring of magical power
MPRegen  0.30/turn              a - ring of magical power

@: gold aura, protection aura
A: breathe noxious fumes, unfitting armour, poison resistance, cold-blooded, AC
+8
a: Breathe Noxious Fumes, Potion Petition, Call Merchant, Bribe Branch, Renounce
Religion, Evoke Berserk Rage


You were on level 6 of the Lair of Beasts.
You worshipped Gozag.
Gozag was most pleased with you.
You were not hungry.

You visited 2 branches of the dungeon, and saw 16 of its levels.

You collected 3448 gold pieces.
You spent 940 gold pieces at shops.
You paid 85 gold pieces to Gozag.

Inventory:

Hand Weapons
 z - a +3 scimitar of flaming
 D - a +2 eveningstar
 F - a +2 morningstar of holy wrath
 P - the +7 scimitar of Ihan (weapon) {protect, Fragile +Rage rElec Int+3}
   (You found it on level 1 of the Lair of Beasts)

   It protects the one who uses it against injury (+AC on strike).
   It affects your intelligence (+3).
   It insulates you from electricity.
   It lets you go berserk.
   It will be destroyed if unequipped.
Armour
 i - a +0 buckler (worn)
 t - a +2 pair of gloves (worn)
 B - a +0 cloak (worn)
 G - a +0 pair of boots (worn)
Magical Staves
 s - an uncursed staff of air
Jewellery
 a - a ring of magical power (right hand)
 y - a +3 ring of intelligence
 C - an uncursed ring of see invisible
 K - an amulet of guardian spirit (around neck)
 N - a ring of magical power (left hand)
Wands
 e - a wand of enslavement (14)
 g - a wand of acid (10)
 p - a wand of iceblast (11)
 q - a wand of paralysis (13)
 J - a wand of digging (1)
 O - a wand of clouds (5)
 U - a wand of polymorph (8)
Scrolls
 j - a scroll of amnesia
 k - 2 scrolls of blinking
 l - 10 scrolls of remove curse
 m - 6 scrolls of teleportation
 o - 2 scrolls of fear
 r - 5 scrolls of enchant weapon
 v - a scroll of holy word {unknown}
 E - a scroll of immolation {unknown}
 H - a scroll of acquirement {unknown}
 I - a scroll of enchant armour {unknown}
 L - 3 scrolls of vulnerability
 Q - a scroll of fog {unknown}
 R - a scroll of silence {unknown}
Potions
 c - 4 potions of flight {unknown}
 d - 2 potions of agility {unknown}
 f - 2 potions of haste {unknown}
 h - 6 potions of curing
 n - 4 potions of brilliance {unknown}
 u - 2 potions of invisibility {unknown}
 w - 2 potions of resistance {unknown}
 x - 2 potions of heal wounds {unknown}
 A - a potion of lignification
 M - 2 potions of might {unknown}
 S - 2 potions of cancellation {unknown}
 W - a potion of berserk rage {unknown}
 X - a potion of mutation {unknown}
Miscellaneous
 T - a lamp of fire
Comestibles
 b - 14 rations


   Skills:
 - Level 4.0 Fighting
 + Level 9.9 Dodging
 - Level 1.7 Stealth
 - Level 4.0 Shields
 + Level 11.2 Spellcasting
 - Level 4.3 Conjurations
 - Level 1.0 Summonings
 + Level 14.3 Air Magic


You had 11 spell levels left.
You knew the following spells:

 Your Spells              Type           Power        Failure   Level  Hunger
a - Shock                 Conj/Air       ####         1%          1    None
b - Static Discharge      Conj/Air       ######..     1%          3    None
c - Airstrike             Air            ######....   1%          4    None
d - Summon Lightning Spi  Summ/Air       #####...     1%          4    None
e - Lightning Bolt        Conj/Air       ######....   3%          5    ####...
f - Conjure Ball Lightni  Conj/Air       ######....   17%         6    #####..

Your spell library contained the following spells:

 Spells                   Type           Power        Failure   Level  Hunger
 Bolt of Fire             Conj/Fire      ###.......   97%         6    #####..
 Animate Dead             Necr           N/A          45%         4    None
 Pain                     Necr           ##..         4%          1    None
 Animate Skeleton         Necr           N/A          4%          1    None
 Vampiric Draining        Necr           ##........   16%         3    None
 Regeneration             Chrm/Necr      ##........   16%         3    None
 Swiftness                Chrm/Air       #####...     1%          2    None
 Recall                   Summ/Tloc      N/A          12%         3    None
 Death Channel            Necr           ##........   100%        6    #####..
 Deflect Missiles         Chrm/Air       #####.....   38%         6    #####..
 Silence                  Hex/Air        #####.....   8%          5    ####...
 Simulacrum               Ice/Necr       ##........   100%        6    #####..
 Tornado                  Air            ######....   100%        9    #######
 Inner Flame              Hex/Fire       ##......     16%         3    None
 Ignition                 Fire           ##........   100%        8    #######
 Borgnjor's Vile Clutch   Necr/Erth      ##........   80%         5    ####...


Dungeon Overview and Level Annotations

Branches:
Dungeon (10/15)            Temple (0/1) D:7            Lair (6/6) D:9
  Swamp (0/4) Lair:4       Spider (0/4) Lair:3        Slime (0/5) Lair:5
    Orc: D:9-12

Altars:
Gozag
Kikubaaqudgha
Makhleb
Ru
Sif Muna
Trog
Uskayaw
Jiyva

Shops:
D:5 *=}=:   D:10 (*

Annotations:
D:10 2 runed doors, exclusion: orange crystal statue
Lair:5 Rupert


Innate Abilities, Weirdness & Mutations

You can breathe blasts of noxious fumes.
Your lurid green scales are hard. (AC +8)
You cannot fit into any form of body armour.
Your system is resistant to poisons. (rPois)
You are cold-blooded and may be slowed by cold attacks.


Message History

You kill the wolf!
Your lightning spire shoots out a bolt of lightning at the komodo dragon!
The bolt of electricity hits the komodo dragon.
Your lightning spire disappears in a puff of smoke!
The komodo dragon is distracted by the nearby gold.
You see here 3 gold pieces.
You catch the helpless komodo dragon completely off-guard!
You hit the komodo dragon.
Your weapon exudes an aura of protection.
The komodo dragon is no longer distracted by gold.
Your tail-slap misses the komodo dragon.
The komodo dragon is heavily wounded.
The komodo dragon bites you!!
You hit the komodo dragon.
The komodo dragon is heavily wounded.
The komodo dragon bites you!!
* * * LOW HITPOINT WARNING * * *
The komodo dragon bites you!
You die...
Your body crumbles into a pile of gold.

#.....................$
..............P........
.......................
(.$............P.....
#..........P..P#....
##$...........###... ............
#P...........## #...
............##.$...........####..
.........$..$..l@<...........#...
...........$...$$.$.....<....#...
..........#§.....................
#.........§≈.....................
..........§§.............#.##P.#.
P.........................####...
.........................## ....
....................≈P...# ....
....................≈≈...# #...


You could see a komodo dragon.

Vanquished Creatures
  Kirke (Lair:4)
  5 hydras
  A two-headed ogre (D:8)
  Sonja (D:10)
  An orc knight (D:10)
  An ugly thing (D:9)
  5 elephants (Lair:4)
  3 black mambas
  Maurice (D:10)
  5 spiny frogs
  3 komodo dragons
  A rime drake (Lair:2)
  A kobold demonologist (D:9)
  A polar bear (Lair:6)
  2 blink frogs
  The ghost of Karim the Magician, an amateur GnWz (D:4)
  2 dream sheep
  5 hippogriffs
  Sigmund (D:5)
  A spriggan (Lair:6)
  A vampire (D:10)
  4 wyverns
  A hog (Lair:4)
  13 yaks
  Eustachio (D:5)
  A basilisk (Lair:6)
  A vampire mosquito (Lair:4)
  Duvessa (D:5)
  2 swamp worms (Lair:1)
  4 water moccasins
  2 porcupines
  A sky beast (D:9)
  An orc warrior (D:8)
  5 ice beasts
  2 black bears
  A phantom (D:8)
  An eye of draining (D:10)
  An ogre (shapeshifter) (D:9)
  4 ogres
  A boggart (Lair:6)
  5 wolves
  3 centaurs
  6 crocodiles
  2 big kobolds (D:8)
  14 bullfrogs
  Dowan (D:5)
  2 wyvern skeletons (D:6)
  2 scorpions
  2 killer bees (D:10)
  2 howler monkeys (D:8)
  4 electric eels
  5 crimson imps
  A jelly (D:8)
  A centaur zombie (D:6)
  5 hounds
  A gnoll shaman (D:10)
  2 orc priests
  2 bullfrog skeletons
  7 orc wizards
  2 iguanas (D:6)
  4 worker ants
  2 hound skeletons
  4 worker ant zombies
  5 adders
  8 gnolls
  3 shadow imps
  2 adder skeletons
  A worm (D:4)
  4 dart slugs
  8 leopard geckos
  24 orcs
  4 ball pythons
  4 giant cockroaches
  4 goblins
  8 hobgoblins
  8 jackals
  A quokka (D:2)
  2 bats (D:2)
  9 frilled lizards
  2 jackal skeletons
  A jackal zombie (D:6)
  12 kobolds
  A leopard gecko skeleton (D:7)
  A quokka zombie (D:5)
  7 rats
  2 plants (Lair:2)
290 creatures vanquished.

Vanquished Creatures (collateral kills)
  A hydra (Lair:4)
  Erica (D:10)
  Urug (Lair:3)
  Nergalle (Lair:4)
  An orb spider (Lair:3)
  4 elephants (Lair:4)
  6 komodo dragons
  4 spiny frogs
  An efreet (D:9)
  A hornet (Lair:6)
  4 blink frogs (Lair:5)
  A hippogriff (Lair:5)
  13 yaks
  A basilisk (Lair:3)
  A hog (Lair:4)
  3 vampire mosquitoes (Lair:4)
  7 swamp worms (Lair:1)
  6 water moccasins
  4 porcupines
  A boggart (Lair:6)
  5 wolves
  A centaur (D:10)
  4 crocodiles
  A killer bee (D:10)
  A crimson imp (D:9)
  A centaur skeleton (D:9)
  An adder (D:10)
  2 orcs (D:10)
  A plant (Lair:1)
79 creatures vanquished.

Vanquished Creatures (others)
  An adder zombie (D:9)
  6 fungi
  4 plants
11 creatures vanquished.

Grand Total: 380 creatures vanquished

Notes
Turn   | Place    | Note
-------+----------+-------------------------------------------
     0 | D:1      | iamserjio the Draconian Air Elementalist began the quest for the Orb.
     0 | D:1      | Reached XP level 1. HP: 14/14 MP: 3/3
   190 | D:1      | Reached XP level 2. HP: 22/22 MP: 1/5
   501 | D:1      | Reached skill level 1 in Fighting
   820 | D:1      | Reached XP level 3. HP: 28/28 MP: 2/6
  1216 | D:1      | Learned a level 3 spell: Static Discharge
  1800 | D:2      | Found an opulent altar of Gozag.
  2078 | D:3      | Found a bloodstained altar of Trog.
  2342 | D:3      | Found a hide-covered altar of Uskayaw.
  2712 | D:4      | Reached skill level 4 in Air Magic
  2712 | D:4      | Reached XP level 4. HP: 33/35 MP: 0/7
  2745 | D:4      | Noticed Karim's ghost (amateur GnWz)
  3038 | D:4      | Noticed an ogre
  3056 | D:4      | Killed an ogre
  3056 | D:4      | Reached XP level 5. HP: 40/40 MP: 5/9
  3520 | D:4      | Learned a level 4 spell: Airstrike
  3621 | D:5      | Entered Level 5 of the Dungeon
  3633 | D:5      | Reached skill level 5 in Air Magic
  3852 | D:5      | Found Fenkuhyme's Book Shoppe.
  3859 | D:5      | Found a sacrificial altar of Ru.
  3998 | D:5      | Noticed Eustachio
  4010 | D:5      | Killed Eustachio
  4010 | D:5      | Reached XP level 6. HP: 47/47 MP: 0/11
  4165 | D:5      | Found Cebed's Jewellery Emporium.
  4234 | D:5      | Found a sacrificial altar of Ru.
  4400 | D:5      | Found Xivodej's Gadget Shop.
  4435 | D:5      | Reached skill level 6 in Air Magic
  4589 | D:5      | Found a deep blue altar of Sif Muna.
  4589 | D:5      | Found a burning altar of Makhleb.
  4616 | D:5      | Found Sigyud's Jewellery Shoppe.
  4619 | D:5      | Found Qang's Assorted Antiques.
  4676 | D:2      | Became a worshipper of Gozag Ym Sagoz the Greedy
  4707 | D:4      | Killed Karim's ghost
  4707 | D:4      | Your scales start taking on a lurid green colour.
  4707 | D:4      | Reached XP level 7. HP: 45/52 MP: 2/13
  4707 | D:4      | Gained mutation: Your system is resistant to poisons. (rPois) [Green Draconian growth]
  4747 | D:5      | Bought a scroll labeled COECKIF RIAXE for 20 gold pieces
  4747 | D:5      | Bought an emerald potion for 18 gold pieces
  4747 | D:5      | Bought a blue potion for 18 gold pieces
  4771 | D:5      | Noticed Duvessa
  4771 | D:5      | Noticed Dowan
  4955 | D:5      | Killed Duvessa
  4955 | D:5      | Reached skill level 7 in Air Magic
  4957 | D:5      | Noticed Sigmund
  5062 | D:5      | Killed Sigmund
  5278 | D:5      | Killed Dowan
  5278 | D:5      | Reached XP level 8. HP: 59/59 MP: 7/15
  5433 | D:5      | Reached skill level 1 in Shields
  5788 | D:6      | Reached skill level 5 in Spellcasting
  5888 | D:6      | Reached skill level 8 in Air Magic
  6770 | D:7      | Reached XP level 9. HP: 47/68 MP: 3/17
  7112 | D:7      | Reached skill level 9 in Air Magic
  7339 | D:7      | Found a staircase to the Ecumenical Temple.
  8406 | D:8      | Noticed a two-headed ogre
  8424 | D:8      | Killed a two-headed ogre
  8424 | D:8      | Reached skill level 10 in Air Magic
  8624 | D:8      | Reached XP level 10. HP: 63/78 MP: 11/20
  9297 | D:5      | Bought a book of the Sky for 780 gold pieces
  9302 | D:5      | Learned a level 4 spell: Summon Lightning Spire
  9790 | D:9      | Noticed a cyan ugly thing
  9795 | D:9      | Noticed a four-headed hydra
  9797 | D:9      | Noticed an orc knight
  9809 | D:9      | Killed a cyan ugly thing
  9809 | D:9      | Reached skill level 1 in Summonings
  9814 | D:9      | Killed a four-headed hydra
  9814 | D:9      | Noticed a smoke demon
 10108 | D:9      | Reached skill level 11 in Air Magic
 11220 | D:9      | Found a staircase to the Lair.
 11430 | D:9      | Got an ivory rapier
 11448 | D:9      | Reached skill level 5 in Dodging
 11717 | D:10     | Entered Level 10 of the Dungeon
 11773 | D:10     | Found Ikij's General Store.
 11775 | D:10     | Found Meimyimput's Antique Weapon Shoppe.
 11778 | D:10     | Bought a ration for 65 gold pieces
 11778 | D:10     | Bought a potion of lignification for 39 gold pieces
 11813 | D:10     | Killed an orc knight
 11977 | D:10     | Identified the cursed +0 rapier of True Grit {venom, rPois rC+ Dex-2 Stlth+} (You found it on level 9 of the Dungeon)
 12084 | D:10     | Found a runed door.
 12091 | D:10     | Noticed Maurice
 12098 | D:10     | Killed Maurice
 12101 | D:10     | Found the +10 large shield of Ignorance {rN+ Int-4}
 12198 | D:10     | Found a runed door.
 12205 | D:10     | Noticed an orange crystal statue
 12282 | D:10     | Noticed Sonja
 12284 | D:10     | Killed Sonja
 12284 | D:10     | Reached XP level 11. HP: 70/84 MP: 22/22
 12873 | D:10     | Noticed Erica
 12884 | D:10     | Killed Erica
 12884 | D:10     | Reached skill level 12 in Air Magic
 13630 | Lair:1   | Entered Level 1 of the Lair of Beasts
 14032 | Lair:1   | Identified the Handbook of Torrid Evil
 14396 | Lair:1   | Got a bone scimitar
 14405 | Lair:1   | Identified the +7 scimitar of Ihan {protect, Fragile +Rage rElec Int+3} (You found it on level 1 of the Lair of Beasts)
 14946 | Lair:2   | Noticed a seven-headed hydra
 16286 | Lair:3   | Noticed a four-headed hydra
 16295 | Lair:3   | Killed a five-headed hydra
 16295 | Lair:3   | Reached skill level 13 in Air Magic
 16295 | Lair:3   | Reached XP level 12. HP: 83/91 MP: 11/25
 16384 | Lair:3   | Found an ancient bone altar of Kikubaaqudgha.
 16541 | Lair:3   | Found a hole to the Spider Nest.
 17253 | Lair:4   | Killed a seven-headed hydra
 17253 | Lair:4   | Reached skill level 10 in Spellcasting
 17256 | Lair:4   | Noticed Nergalle
 17257 | Lair:4   | Noticed Urug
 17262 | Lair:4   | Killed Nergalle
 17682 | Lair:3   | Killed Urug
 18030 | Lair:4   | Found a staircase to the Swamp.
 18274 | Lair:4   | Noticed Kirke
 18291 | Lair:4   | Killed Kirke
 18886 | Lair:5   | Learned a level 5 spell: Lightning Bolt
 18893 | Lair:5   | Learned a level 6 spell: Conjure Ball Lightning
 18918 | Lair:5   | Reached skill level 14 in Air Magic
 18971 | Lair:5   | Found a viscous altar of Jiyva.
 19011 | Lair:5   | Noticed a four-headed hydra
 19022 | Lair:5   | Killed a four-headed hydra
 19022 | Lair:5   | Reached XP level 13. HP: 60/96 MP: 7/27
 19180 | Lair:5   | Found a staircase to the Slime Pits.
 19245 | Lair:5   | Noticed Rupert
 19292 | Lair:6   | Entered Level 6 of the Lair of Beasts
 19752 | Lair:6   | Slain by a komodo dragon

Vault maps used:
D:1:      eino_arrival_druids_welcome
D:2:      overflow_temple_1_default, first_ration
D:3:      overflow_temple_1_default, bloody_trog
D:5:      nicolae_ru_path_of_blood, gammafunk_temple_overflow_wave,
          serial_shops, nicolae_shop_trees, kennysheep_little_box, shop, shop,
          nicolae_shop_behind_doors, basic_altar, uniq_duvessa, uniq_sigmund,
          uniq_eustachio
D:7:      temple_statues, fountainhead
D:8:      blue_anna_alchemist
D:9:      lair_entry_dummy, minivault_28
D:10:     serial_shops, shop_fountains, shop, chequers_guarded_unrand_ignorance,
          uniq_sonja, uniq_erica, uniq_maurice
Lair:1:   st_stairs_3, worms_lemuel
Lair:2:   wad_woods_river_01, grunt_megastairs_3
Lair:3:   nicolae_spider_entry_orb_guardian, basic_altar, ldierk_geyser,
          minivault_19, serial_bayou_shore_a
Lair:4:   beast_lair_carwin_large_3, minmay_swamp_entry_swarm,
          grunt_megastairs_5, infiniplex_staircase_pool, uniq_nergalle,
          uniq_urug, uniq_kirke
Lair:5:   slime_altar_1, uniq_rupert
Lair:6:   minmay_lair_end_enchanted_forest, portal_ice_cave_entry_imps,
          lemuel_fruit_fields

Skill      XL: |  1  2  3  4  5  6  7  8  9 10 11 12 13 |
---------------+----------------------------------------+-----
Fighting       | 1 2 4 |  4.0
Conjurations   | 2 3 4 |  4.3
Air Magic      | 4 5 6 7 8 10 11 13 14 | 14.3
Spellcasting   | 3 4 5 6 7 9 10 11 | 11.2
Shields        | 3 4 |  4.0
Dodging        | 3 5 7 9 |  9.9
Summonings     | 1 |  1.0
Stealth        | |  1.7

Action                   |  1- 3 |  4- 6 |  7- 9 | 10-12 | 13-15 || total
-------------------------+-------+-------+-------+-------+-------++-------
Melee: Dagger            |    69 |     7 |    45 |    35 |       ||   156
       Tailslap          |     3 |       |     7 |    57 |     5 ||    72
       Spear             |       |     3 |    53 |       |       ||    56
       Scimitar          |       |       |       |   348 |    65 ||   413
       Staff             |       |       |       |    11 |       ||    11
 Cast: Shock             |    78 |    44 |   106 |    18 |     2 ||   248
       Airstrike         |       |    12 |    69 |   142 |    12 ||   235
       Static Discharge  |       |     2 |     1 |     1 |       ||     4
       Summon Lightning  |       |       |       |    55 |     7 ||    62
Invok: Potion Petition   |       |       |       |       |     1 ||     1
 Abil: Breathe Noxious F |       |       |     1 |     4 |     1 ||     6
Evoke: Wand              |       |     3 |     3 |    10 |    10 ||    26
  Use: Scroll            |       |     3 |     1 |     7 |     2 ||    13
       Potion            |       |     1 |       |     1 |     1 ||     3
 Stab: Paralysed         |       |     3 |       |       |       ||     3
       Distracted        |       |       |     2 |     5 |     3 ||    10
       Confused          |       |       |     1 |       |       ||     1
       Sleeping          |       |       |       |     1 |       ||     1
  Eat: Chunk             |     6 |     5 |     2 |       |       ||    13
       Ration            |       |     1 |     6 |    14 |     1 ||    22
Armor: Skin              |    20 |    12 |    61 |   196 |    41 ||   330
Dodge: Dodged            |    64 |    20 |    93 |   380 |    53 ||   610
Block: Buckler           |       |       |    11 |   116 |    24 ||   151
       Rpst.: Scimitar   |       |       |       |    83 |    20 ||   103

Table legend:
 A = Spawn XP
 B = Non-spawn XP
 C = Spawn XP percentage of total XP
 D = Spawn monster count
 E = Non-spawn monster count
 F = Spawn count percentage of total count
 G = Total turns spent on level
                    A         B        C        D         E        F      G
               +---------+---------+-------+---------+---------+-------+---------
         Total |       0 |   43597 |   0.0 |       0 |     366 |   0.0 | 19752
               +---------+---------+-------+---------+---------+-------+---------
           D:1 |       0 |      54 |   0.0 |       0 |      30 |   0.0 |  1217
           D:2 |       0 |      31 |   0.0 |       0 |      16 |   0.0 |   741
           D:3 |       0 |      42 |   0.0 |       0 |       6 |   0.0 |   965
           D:4 |       0 |     398 |   0.0 |       0 |       7 |   0.0 |  1256
           D:5 |       0 |    1050 |   0.0 |       0 |      22 |   0.0 |  1638
           D:6 |       0 |    1096 |   0.0 |       0 |      35 |   0.0 |  1018
           D:7 |       0 |     664 |   0.0 |       0 |      17 |   0.0 |  1071
           D:8 |       0 |    3454 |   0.0 |       0 |      41 |   0.0 |  2525
           D:9 |       0 |    2709 |   0.0 |       0 |      18 |   0.0 |  1307
          D:10 |       0 |    3176 |   0.0 |       0 |      28 |   0.0 |  1892
        Lair:1 |       0 |    3726 |   0.0 |       0 |      27 |   0.0 |  1738
        Lair:2 |       0 |    5067 |   0.0 |       0 |      29 |   0.0 |   918
        Lair:3 |       0 |    5663 |   0.0 |       0 |      25 |   0.0 |  1479
        Lair:4 |       0 |    8467 |   0.0 |       0 |      29 |   0.0 |  1114
        Lair:5 |       0 |    3213 |   0.0 |       0 |      13 |   0.0 |   413
        Lair:6 |       0 |    4787 |   0.0 |       0 |      23 |   0.0 |   460
               +---------+---------+-------+---------+---------+-------+---------
